 Dungeon Crawl Stone Soup version 0.32-a0-411-g744942f433 (webtiles) character file.

Game seed: 4840041635655675190

969 zeratav the Cleaver (level 7, 0/63 HPs)
             Began as a Minotaur Fighter on Feb 21, 2024.
             Slain by Natasha (4 damage)
             ... on level 4 of the Dungeon.
             The game lasted 00:05:54 (2806 turns).

zeratav the Cleaver (Minotaur Fighter)              Turns: 2806, Time: 00:05:54

Health: 0/63       AC: 11    Str: 23    XL:     7   Next: 94%
Magic:  6/6        EV:  8    Int:  5    God:
Gold:   212        SH:  4    Dex:  9    Spells: 6/6 levels left

rFire   . . .        a - +0 war axe {axe}
rCold   . . .        c - +0 buckler
rNeg    . . .        x - +0 chain mail
rPois   .            (helmet restricted)
rElec   .            (no cloak)
rCorr   .            (no gloves)
SInv    .            s - +1 pair of boots
Will    .....        d - amulet of the acrobat Stlth
                     (no ring)
HPRegen 0.30/turn    (no ring)
MPRegen 0.10/turn

%: acrobat
@: slowed, very slow
A: horns 2, retaliatory headbutt
a: no special abilities


You were on level 4 of the Dungeon.
You visited 1 branch of the dungeon, and saw 4 of its levels.

You collected 212 gold pieces.


Innate Abilities, Weirdness & Mutations

You have a pair of horns on your head.
You reflexively headbutt those who attack you in melee.


   Skills:
 + Level 6.3 Fighting
 - Level 10.0 Axes
 - Level 3.6 Armour
 - Level 3.6 Shields


You had 6 spell levels left.
You didn't know any spells.
Your spell library contained the following spells:

 Spells                   Type           Power      Damage    Failure   Level
 Kiss of Death            Conj/Necr      0%         2d5       98%         1
 Ensorcelled Hibernation  Hex/Ice        0%         N/A       99%         2
 Confusing Touch          Hex            0%         N/A       100%        3
 Passwall                 Erth           0%         N/A       100%        3
 Swiftness                Air            0%         N/A       100%        3
 Dispel Undead            Necr           0%         3d6       100%        4

Inventory:

Hand Weapons
 a - a +0 war axe (weapon) {axe}
Missiles
 p - 11 poisoned darts (quivered) {throwing}
 q - 6 curare-tipped darts {=fthrowing}
Armour
 b - a +0 scale mail
 c - a +0 buckler (worn)
 h - an orb of energy
   (You found it on level 2 of the Dungeon)
 s - a +1 pair of boots (worn)
   (You found it on level 3 of the Dungeon)
 x - a +0 chain mail (worn)
   (You took it off Terence on level 3 of the Dungeon)
Jewellery
 d - an amulet of the acrobat (around neck)
   (You took it off a hobgoblin on level 4 of the Dungeon)
Wands
 n - a wand of charming (12)
   (You took it off Ijyb on level 3 of the Dungeon)
 w - a wand of flame (13)
   (You found it on level 4 of the Dungeon)
Scrolls
 e - 2 scrolls of noise {unknown}
 g - 3 scrolls of identify {unknown}
 i - a scroll of fear {unknown}
 j - 2 scrolls of revelation {unknown}
 l - a scroll of fog {unknown}
 m - a scroll of enchant weapon {unknown}
 o - a scroll of vulnerability {unknown}
 v - a scroll of blinking {unknown}
Potions
 f - a potion of lignification {unknown}
 k - a potion of mutation {unknown}
 r - a potion of haste {unknown}
 u - a potion of curing {unknown}

Dungeon Overview and Level Annotations

Branches:
Dungeon (4/15) Zot: 21148
 Temple: D:4-7

Altars:
Ashenzari
Hepliaklqana
Makhleb
Okawaru
Qazlal
Uskayaw
Wu Jian

Shops:
D:2 [

Annotations:
D:4 Natasha

.§§#≈§≈§≈# .§§#≈.§§≈##
....... ..§#≈...≈⌠#
.?..... ...'.._.≈##
....... ..≈#≈.§.≈⌠###
....... ..≈#≈...≈##.#
....... ..≈#≈≈≈≈≈##.#
.......
..≈##§#⌠###.#####.5.....
..≈≈######...)))@h......
....#######.#####)......
###.........# .......
.......###### #######
.......# ....####
..###.=.# .##...#..#
.#.......#


You could see Natasha and a cerulean imp (summoned).


Message History

You take 1 damage, and now have 34/61 hp.
You slash the scorpion!
You kill the scorpion!
You feel sick. You block the cerulean imp's attack.
Robin throws the goblin at you!
Your Fighting skill increases to level 6!
You slash Natasha! You barely miss the goblin.
You feel sick. You block the cerulean imp's attack.
Natasha howls an incantation.
You feel disoriented. Natasha claws you.
The goblin hits you but does no damage.
HP[-2]
You now have 63 max hp (+2).
You miss Natasha. You closely miss the goblin.
You feel sick. You block the cerulean imp's attack.
Natasha stares at you and mumbles some strange words.
The magic dart hits you but does no damage.
The goblin hits you but does no damage.
Robin says, "My army is invincible!"
Robin hits you from afar with a +0 trident.
* * * LOW HITPOINT WARNING * * *
You are too injured to fight recklessly!
You are too injured to fight recklessly!
HP[-5]
You take 5 damage, and now have 27/63 hp.
You are too injured to fight recklessly!
You are too injured to fight recklessly!
You are too injured to fight recklessly!
You are too injured to fight recklessly!
You are too injured to fight recklessly!
You are too injured to fight recklessly!
You are too injured to fight recklessly!
You are too injured to fight recklessly!
You are too injured to fight recklessly!
You are too injured to fight recklessly!
You are too injured to fight recklessly!
You are too injured to fight recklessly!
Unknown command.
You closely miss Natasha. Your headbutt misses Natasha. You slash the goblin!
You kill the goblin!
You feel sick.
The cerulean imp hits you from afar with a +2 spear.
* * * LOW HITPOINT WARNING * * *
Natasha casts a spell at you.
You feel yourself slow down.
Robin hits you from afar with a +0 trident.
* * * LOW HITPOINT WARNING * * *
HP[-7]
You take 7 damage, and now have 20/63 hp.
You hit Natasha.
You kill Natasha!
Natasha growls in agony!
The cerulean imp disappears in a puff of smoke! x2
You feel sick.
You are no longer poisoned.
Robin barely misses you.
You closely miss the goblin. You headbutt the goblin.
You kill the goblin!
Robin hits you but does no damage. x2
Robin misses you.
Natasha, Servant of Life and Death comes into view.
There is an open door, spattered with blood here.
Items here: ( ))) = [ ††.
HP[+1]
You barely miss Robin. You block Robin's attack.
Natasha casts a spell.
You block Robin's attack.
You slash Robin! You headbutt Robin. Robin hits you with a +0 trident.
* * * LOW HITPOINT WARNING * * *
Robin hits you with a +0 trident.
* * * LOW HITPOINT WARNING * * *
HP[-8]
You take 8 damage, and now have 13/63 hp.
You completely miss Robin. Robin hits you with a +0 trident.
* * * LOW HITPOINT WARNING * * *
HP[-1]
You take 1 damage, and now have 12/63 hp.
You slash Robin!
You kill Robin!
The cerulean imp hits you but does no damage.
Natasha wildly gestures.
You feel troubled.
Natasha stares at you and mumbles some strange words.
You feel as though you will be slow longer.
The cerulean imp hits you from afar with a +2 spear.
* * * LOW HITPOINT WARNING * * *
HP[-6]
You take 6 damage, and now have 6/63 hp.
You barely miss Natasha. Natasha casts a spell at you.
The magic dart hits you but does no damage.
The cerulean imp completely misses you. Natasha claws you but does no damage.
HP[+1] Unknown command.
You hit Natasha. Your headbutt misses Natasha.
The cerulean imp hits you from afar with a +2 spear.
* * * LOW HITPOINT WARNING * * *
Natasha claws you.
You die...
Natasha begins licking her fur clean.

Skill      XL: |  1  2  3  4  5  6  7 |
---------------+----------------------+-----
Axes           | 3 4 5 6 10 | 10.0
Fighting       | 4 6 |  6.3
Armour         | |  3.6
Shields        | |  3.6

Action                     |  1- 3 |  4- 6 |  7- 9 || total
---------------------------+-------+-------+-------++-------
  Melee: War axe           |    58 |    75 |    43 ||   176
         Headbutt          |     9 |    11 |     3 ||    23
    Use: Potion            |       |     1 |       ||     1
 Armour: Scale mail        |    27 |    53 |     4 ||    84
         Chain mail        |       |       |    46 ||    46
  Dodge: Dodged            |    24 |    36 |    19 ||    79
  Block: Buckler           |    10 |    20 |    14 ||    44

Levels and vault maps discovered:
D:1:      orjb1_lava_funnel, layout_rooms, minmay_indecisive_spiral
D:2:      layout_loops_cross, serial_shops, nicolae_shop_drivethru
D:3:      layout_loops_ring, grunt_temple_overflow_open,
          mainiacjoe_overflow_chevrons, uniq_ijyb, uniq_jessica, uniq_terence
D:4:      layout_basic, lightli_temple_of_fire,
          mainiacjoe_overflow_small_starburst, nicolae_ashenzari_skybound,
          uniq_robin, uniq_natasha, uniq_pikel

Notes
Turn   | Place    | Note
-------+----------+-------------------------------------------
     0 | D:1      | zeratav the Minotaur Fighter began the quest for the Orb.
     0 | D:1      | Reached XP level 1. HP: 19/19 MP: 0/0
     0 | D:1      | magus.rc [v1.9.6]
    52 | D:1      | Reached skill level 3 in Axes
    92 | D:1      | Reached XP level 2. HP: 26/26 MP: 1/1
   164 | D:1      | Reached skill level 4 in Axes
   206 | D:1      | Reached XP level 3. HP: 30/31 MP: 2/2
   433 | D:2      | Found a transporter.
   435 | D:2      | Found Vededino's Antique Armour Shop.
   696 | D:2      | Reached skill level 5 in Axes
   775 | D:2      | Reached XP level 4. HP: 39/39 MP: 3/3
  1089 | D:2      | Found a transporter.
  1103 | D:2      | You pick up a book of Touch and begin reading...
  1103 | D:2      | You add the spells Kiss of Death, Confusing Touch and
                  | Dispel Undead to your library.
  1161 | D:3      | Found an iron altar of Okawaru.
  1162 | D:3      | Found an ornate altar of the Wu Jian Council.
  1168 | D:3      | Noticed Ijyb
  1169 | D:3      | Found a stormy altar of Qazlal.
  1174 | D:3      | Killed Ijyb
  1180 | D:3      | Noticed Terence
  1187 | D:3      | Killed Terence
  1188 | D:3      | Reached skill level 6 in Axes
  1288 | D:3      | Found a hazy altar of Hepliaklqana.
  1468 | D:3      | Reached XP level 5. HP: 45/45 MP: 4/4
  1550 | D:3      | You pick up a book of Burglary and begin reading...
  1550 | D:3      | You add the spells Ensorcelled Hibernation, Swiftness and
                  | Passwall to your library.
  1777 | D:3      | Noticed Jessica
  1785 | D:3      | Killed Jessica
  1786 | D:3      | Reached skill level 7 in Axes
  2020 | D:4      | Found a broken altar of Ashenzari.
  2073 | D:4      | Noticed Pikel
  2074 | D:4      | Noticed a lemure
  2074 | D:4      | Noticed a lemure
  2076 | D:4      | Noticed a lemure
  2084 | D:4      | Noticed a lemure
  2092 | D:4      | HP: 6/45 [Pikel/+0 whip of electrocution (14)]
  2244 | D:4      | Killed Pikel
  2245 | D:4      | Reached skill level 10 in Axes
  2245 | D:4      | Reached skill level 4 in Fighting
  2245 | D:4      | Reached XP level 6. HP: 15/52 MP: 5/5
  2245 | D:4      | Reached XP level 7. HP: 17/59 MP: 6/6
  2465 | D:4      | Found a hide-covered altar of Uskayaw.
  2480 | D:4      | Reached skill level 5 in Fighting
  2738 | D:4      | Found a burning altar of Makhleb.
  2775 | D:4      | Noticed Robin
  2780 | D:4      | Noticed Natasha
  2795 | D:4      | Reached skill level 6 in Fighting
  2798 | D:4      | Killed Natasha
  2800 | D:4      | Noticed Natasha
  2802 | D:4      | HP: 13/63 [Robin/+0 trident (4)]
  2804 | D:4      | Killed Robin
  2804 | D:4      | HP: 6/63 [cerulean imp/+2 spear[Natasha] (6)]
  2806 | D:4      | Slain by Natasha

Vanquished Creatures
  Pikel (D:4)
  An ogre (D:4)
  A scorpion (D:4)
  A jelly (D:4)
  Jessica (D:3)
  An iguana (D:4)
  Terence (D:3)
  Ijyb (D:3)
  Natasha (D:4)
  An orc wizard (D:3)
  Robin (D:4)
  3 adders
  A white imp (D:4)
  4 dart slugs
  4 orcs (D:3)
  8 endoplasms
  7 giant cockroaches
  14 goblins
  10 hobgoblins
  4 quokkas
  A ball python (D:2)
  3 bats
  2 frilled lizards
  5 kobolds
  7 rats
84 creatures vanquished.

Table legend:
 A = Non-vault XP
 B = Vault XP
 C = Vault XP percentage of total XP
 D = Non-vault monster count
 E = Vault monster count
 F = Vault count percentage of total count
                 A         B        C        D         E       F
            +---------+---------+-------+---------+---------+-------
      Total |     535 |     850 |  61.4 |      62 |      22 |  26.2
            +---------+---------+-------+---------+---------+-------
        D:1 |      49 |      11 |  18.3 |      18 |       4 |  18.2
        D:2 |      48 |       0 |   0.0 |      13 |       0 |   0.0
        D:3 |      98 |     111 |  53.1 |      16 |       3 |  15.8
        D:4 |     340 |     728 |  68.2 |      15 |      15 |  50.0
            +---------+---------+-------+---------+---------+-------

Skill      XL: |  1  2  3  4  5  6  7 |
---------------+----------------------+-----
Axes           | 3 4 5 6 10 | 10.0
Fighting       | 4 6 |  6.3
Armour         | |  3.6
Shields        | |  3.6

Action                     |  1- 3 |  4- 6 |  7- 9 || total
---------------------------+-------+-------+-------++-------
  Melee: War axe           |    58 |    75 |    43 ||   176
         Headbutt          |     9 |    11 |     3 ||    23
    Use: Potion            |       |     1 |       ||     1
 Armour: Scale mail        |    27 |    53 |     4 ||    84
         Chain mail        |       |       |    46 ||    46
  Dodge: Dodged            |    24 |    36 |    19 ||    79
  Block: Buckler           |    10 |    20 |    14 ||    44

Illustrated notes

Table legend:
 A = Kills in this place as a percentage of kills in the entire game.
 B = Kills by you in this place as a percentage of kills by you in the entire game.
 C = Kills by friends in this place as a percentage of kills by friends in the entire game.
 D = Other kills in this place as a percentage of other kills in the entire game.
 E = Experience gained in this place as a percentage of experience gained in the entire game.
 F = Experience gained in this place divided by the number of levels of this place that you have seen.
                   A       B       C       D       E      F
               +-------+-------+-------+-------+-------+----------------------
         Total | 100.0 | 100.0 |   N/A |   N/A | 100.0 | 346.2
       Dungeon | 100.0 | 100.0 |   N/A |   N/A | 100.0 | 346.2
               +-------+-------+-------+-------+-------+----------------------

Table legend: (Time is in decaauts)
 A = Elapsed time spent in this place.
 B = Non-inter-level travel time spent in this place.
 C = Inter-level travel time spent in this place.
 D = Time resting spent in this place.
 E = Time spent auto-exploring this place.
 F = Levels seen in this place.
 G = Mean time per level.
                   A        B        C        D        E       F      G
               +--------+--------+--------+--------+--------+-----+--------+
         Total |   2850 |   2551 |    299 |    125 |   1950 |   4 |  712.5 |
       Dungeon |   2850 |   2551 |    299 |    125 |   1950 |   4 |  712.5 |
               +--------+--------+--------+--------+--------+-----+--------+

Top non-repeatable levels by time:
     D:3: 1011 daAuts
     D:2: 831 daAuts
     D:4: 552 daAuts
     D:1: 453 daAuts
